 Seeded DCSS version 0.28.0-47-ge53b351184 (webtiles) character file.

Game seed: 523019199727972820 (custom seed)

537 thiscave3701365 the Chopper (level 7, -7/62 HPs)
             Began as a Minotaur Berserker on May 9, 2022.
             Was a Believer of Trog.
             Mangled by Menkaure (13 damage)
             ... on level 4 of the Dungeon.
             The game lasted 00:03:02 (6068 turns).

thiscave3701365 the Chopper (Minotaur Berserker)    Turns: 6068, Time: 00:03:02

Health: -7/62      AC:  9    Str: 24    XL:     7   Next: 5%
Magic:  6/6        EV:  9    Int:  4    God:    Trog [**....]
Gold:   210        SH:  0    Dex:  9    Spells: 6/6 levels left

rFire   . . .      SeeInvis .   a - +0 hand axe
rCold   . . .      Faith    .   (no shield)
rNeg    . . .      Spirit   .   u - +0 chain mail
rPois   .          Reflect  .   (helmet restricted)
rElec   .          Harm     .   (no cloak)
rCorr   .          Rampage  .   (no gloves)
Will    .....                   (no boots)
Stlth   ..........              (no amulet)
HPRegen 0.20/turn               (no ring)
MPRegen 0.10/turn               (no ring)

@: on berserk cooldown, slowed, very slow
A: horns 2, retaliatory headbutt
a: Renounce Religion, Berserk, Trog's Hand


You were on level 4 of the Dungeon.
You worshipped Trog.
Trog was pleased with you.
You visited 1 branch of the dungeon, and saw 5 of its levels.

You collected 210 gold pieces.

Inventory:

Hand Weapons
 a - a +0 hand axe (weapon)
Missiles
 k - 2 throwing nets
Armour
 u - a +0 chain mail (worn)
Jewellery
 h - an amulet of faith
 j - a ring of poison resistance
 r - an amulet of guardian spirit
Wands
 t - a wand of polymorph (2)
Scrolls
 c - 2 scrolls of fog {unknown}
 e - 4 scrolls of teleportation {unknown}
 i - a scroll of fear {unknown}
 l - a scroll of amnesia {unknown}
 m - 4 scrolls of identify {unknown}
 n - a scroll of blinking {unknown}
 o - 2 scrolls of vulnerability {unknown}
Potions
 d - a potion of curing {unknown}
 f - a potion of berserk rage {unknown}
 g - a potion of resistance {unknown}
 p - a potion of invisibility {unknown}
 q - 2 potions of might {unknown}
 s - a potion of heal wounds {unknown}


   Skills:
 + Level 5.7 Fighting
 + Level 5.7 Axes
 + Level 5.0 Armour
 + Level 4.5 Dodging


You had 6 spell levels left.
You didn't know any spells.
Your spell library was empty.

Dungeon Overview and Level Annotations

Branches:
Dungeon (5/15)             Temple (0/1) D:4

Altars:
Ashenzari

Annotations:
D:3 3 runed translucent doors, GigaChad's ghost, amateur MiFi
D:4 Menkaure


Innate Abilities, Weirdness & Mutations

You have a pair of horns on your head.
You reflexively headbutt those who attack you in melee.


Message History

Menkaure gestures at you while chanting.
Pain shoots through your body!
In your confused state, you trip and fall back down the stairs.
You feel less confused. The scorpion barely misses you.
Menkaure barely misses you. The scorpion stings you.
You are poisoned.
The scorpion poisons you!
You feel very sick. Menkaure misses you.
The scorpion stings you but does no damage.
Menkaure rustles, "Let me perform the rites..."
Menkaure barely misses you. You furiously retaliate!
You headbutt Menkaure. The scorpion stings you.
You climb upwards.
Reactivating autopickup.
You feel very sick.
There is a stone staircase leading down here.
You hit Menkaure. Your headbutt misses Menkaure.
Menkaure is moderately damaged.
You closely miss the scorpion.
You feel sick. Menkaure hits you but does no damage.
The scorpion stings you but does no damage.
Menkaure barely misses you. The scorpion closely misses you.
You furiously retaliate!
You headbutt the scorpion. You hit Menkaure.
Menkaure is heavily damaged.
You hit the scorpion but do no damage.
You feel sick. Menkaure hits you! The scorpion stings you.
Menkaure closely misses you. You furiously retaliate!
You headbutt Menkaure. You hit Menkaure but do no damage.
You headbutt Menkaure.
Menkaure is severely damaged.
You hit the scorpion.
You feel sick.
You are no longer poisoned.
The scorpion stings you but does no damage.
Menkaure hits you!
* * * LOW HITPOINT WARNING * * *
The scorpion stings you but does no damage.
Menkaure sighs, "Let me perform the rites..."
Menkaure hits you!
You die...

.........# #.#≈≈≈≈≈###8...8#
.....##### #...≈≈...##.....#
.##..# #.........'..>..#
.##..############......≈≈##.....#
....................##≈≈###8...8#
.........######.######### #######
########.# #.#################
..# ##.## ##.##.#..#.......##.
#.# #...# #..@s........######.
#.# #...# #...M..[.##### #. #.#
#...# #.###..#.##########. #.#
#...# #...##'#..##........
..#####...####...#..#..##........
##...............#..#..##.......#
...........#######..#...........#
##.........#....##))#..##.......#
#######...##....##.÷######......#


You could see Menkaure (fast) and a scorpion.

Vanquished Creatures
  A phantom (D:4)
  2 scorpions (D:4)
  A howler monkey (D:4)
  An orc priest (D:4)
  A gnoll shaman (D:4)
  A hound (D:4)
  Ijyb (D:4)
  2 orc wizards (D:4)
  A hound skeleton (D:4)
  A gnoll (D:1)
  4 adders
  An adder skeleton (D:4)
  2 worms
  A dart slug (D:4)
  6 orcs
  12 endoplasms
  3 giant cockroaches
  4 goblins
  5 hobgoblins
  5 quokkas
  8 ball pythons
  6 bats
  A frilled lizard (D:1)
  7 kobolds
  8 rats
85 creatures vanquished.

Notes
Turn   | Place    | Note
-------+----------+-------------------------------------------
     0 | D:1      | thiscave3701365 the Minotaur Berserker began the quest for
                  | the Orb.
     0 | D:1      | Reached XP level 1. HP: 19/19 MP: 0/0
   374 | D:1      | Reached XP level 2. HP: 27/27 MP: 1/1
   797 | D:1      | Found a faded altar of an unknown god.
  1262 | D:2      | Reached XP level 3. HP: 18/33 MP: 2/2
  1798 | D:2      | Reached ** piety under Trog
  1997 | D:2      | Found a broken altar of Ashenzari.
  2700 | D:3      | Found a runed translucent gate.
  2717 | D:3      | Found a runed translucent gate.
  2717 | D:3      | Found a runed translucent gate.
  2750 | D:3      | Noticed GigaChad's ghost (amateur MiFi)
  2783 | D:3      | Reached XP level 4. HP: 38/41 MP: 3/3
  3520 | D:4      | Reached XP level 5. HP: 6/47 MP: 4/4
  4332 | D:4      | Reached skill level 5 in Fighting
  4332 | D:4      | Reached skill level 5 in Axes
  4335 | D:4      | Noticed a phantom
  4343 | D:4      | Killed a phantom
  4344 | D:4      | Reached XP level 6. HP: 51/56 MP: 5/5
  4397 | D:4      | Noticed Ijyb
  4406 | D:4      | Killed Ijyb
  5222 | D:4      | Found a staircase to the Ecumenical Temple.
  5572 | D:4      | Reached skill level 5 in Armour
  5572 | D:4      | Reached XP level 7. HP: 62/62 MP: 6/6
  6050 | D:5      | Entered Level 5 of the Dungeon
  6050 | D:5      | Noticed Menkaure
  6068 | D:4      | Mangled by Menkaure

Illustrated notes

Levels and vault maps discovered:
D:1:      minmay_arrival_floating_metal, layout_loops_corners,
          shapermc_ecumenical_altar_notcrosses, minivault_11
D:2:      layout_basic, basic_altar
D:3:      layout_basic, gammafunk_ghost_icy
D:4:      minmay_chambers_of_twos, layout_loops_cross,
          minmay_temple_entry_fiery, minmay_fractal_squares_5, uniq_ijyb
D:5:      layout_rooms, serial_bayou_lagoon_a, uniq_grinder, uniq_menkaure

Skill      XL: |  1  2  3  4  5  6 |
---------------+-------------------+-----
Fighting       | 4 5 |  5.7
Axes           | 4 5 |  5.7
Armour         | 3 4 5 |  5.0
Dodging        | 3 4 |  4.5

Action                   |  1- 3 |  4- 6 |  7- 9 || total
-------------------------+-------+-------+-------++-------
Melee: Hand axe          |    87 |   101 |     6 ||   194
       Headbutt          |    11 |    12 |     1 ||    24
       Punch             |       |     2 |       ||     2
       Unarmed           |       |     6 |       ||     6
Invok: Berserk           |     2 |     7 |     1 ||    10
 Stab: Sleeping          |     2 |       |       ||     2
Armor: Animal skin       |    17 |    14 |       ||    31
       Chain mail        |       |       |    12 ||    12
Dodge: Dodged            |    52 |    61 |    10 ||   123
